Map: Oxide LE

Players

Herms - Winner!

  • Race: Protoss Protoss
  • League: Platinum
  • Spawn Location: 7:00

Massa

  • Race: Terran Terran
  • League: Platinum
  • Spawn Location: 1:00

VOD

Have the link to the VOD?

Description

Time

  • Played on: Dec. 30, 2020, 11:16 a.m.
  • Length: 12:06
Show
View Real Time Build Order
Export as new Build Order

Herms Protoss - Winner!

Build Orders:  

Get SALT Encoding   

  12  0:00  Probe  
  13  0:17  Pylon  
  13  0:18  Probe  
  14  0:30  Probe (Chrono Boost)  
  15  0:35  Gateway  
  15  0:42  Probe (Chrono Boost)  
  16  0:45  Assimilator  
  16  0:49  Probe (Chrono Boost)  
  17  0:57  Probe  
  18  1:09  Probe  
  19  1:21  Probe  
  20  1:27  Cybernetics Core  
  20  1:29  Zealot  
  20  1:31  Gateway  
  22  1:56  Assimilator  
  22  1:57  Probe (Chrono Boost)  
  23  2:03  Pylon  
  23  2:15  Nexus  
  23  2:20  Warp Gate  
  23  2:21  Probe  
  24  2:36  Probe  
  25  2:37  Stalker (Chrono Boost)  
  29  2:48  Stalker (Chrono Boost)  
  29  2:57  Probe  
  29  3:09  Probe  
  30  3:24  Pylon  
  30  3:26  Pylon  
  30  3:28  Stalker  
  30  3:30  Probe (Chrono Boost)  
  33  3:41  Probe (Chrono Boost)  
  34  3:42  Probe (Chrono Boost)  
  34  3:44  Stalker  
  37  3:50  Probe (Chrono Boost)  
  37  3:52  Probe (Chrono Boost)  
  39  3:56  Gateway  
  39  3:57  Probe (Chrono Boost)  
  40  4:07  Probe (Chrono Boost), Pylon  
  42  4:15  Probe (Chrono Boost), Sentry  
  45  4:17  Probe (Chrono Boost)  
  45  4:22  Probe x2 (Chrono Boost)  
  47  4:25  Gateway  
  47  4:31  Twilight Council  
  47  4:33  Probe x2  
  49  4:40  Forge  
  49  4:43  Phoenix  
  49  4:45  Probe x2  
  51  4:57  Probe  
  51  4:58  Probe  
  53  5:03  Assimilator  
  53  5:05  Stalker x2  
  53  5:06  Zealot, Assimilator  
  59  5:15  Charge  
  59  5:18  Probe x2  
  59  5:19  Protoss Ground Weapons Level 1 (Chrono Boost)  
  61  5:23  Pylon  
  61  5:26  Pylon  
  60  5:57  Stalker x2  
  60  5:58  Stalker x2  
  68  6:12  Photon Cannon  
  68  6:16  Photon Cannon, Shield Battery  
  68  6:17  Photon Cannon  
  68  6:18  Shield Battery  
  68  6:21  Photon Cannon  
  68  6:23  Shield Battery  
  68  6:24  Zealot x4  
  76  6:26  Shield Battery  
  76  6:35  Stargate  
  76  6:42  Pylon  
  76  6:43  Pylon  
  76  6:45  Zealot x3  
  82  7:04  Protoss Ground Armor Level 1 (Chrono Boost)  
  82  7:06  Stalker x3  
  82  7:07  Stalker  
  90  7:12  Gateway  
  90  7:30  Stalker x2  
  90  7:31  Stalker x2  
  80  7:49  Void Ray (Chrono Boost)  
  72  7:54  Zealot x3  
  72  7:55  Zealot  
  70  8:16  Void Ray (Chrono Boost)  
  70  8:18  Zealot x5  
  62  8:39  Stalker x4  
  62  8:40  Stalker  
  72  8:43  Void Ray (Chrono Boost)  
  76  9:03  Zealot x3  
  76  9:04  Zealot x2  
  76  9:08  Protoss Ground Weapons Level 2 (Chrono Boost)  
  86  9:10  Void Ray (Chrono Boost)  
  90  9:25  Zealot x3  
  96  9:44  Zealot  
  96  9:45  Zealot x2  
  85  10:34  Zealot x4  
  85  10:35  Zealot  
  87  10:39  Void Ray  
  79  11:16  Void Ray (Chrono Boost)  
  79  11:17  Stalker x2  
  79  11:18  Stalker x3  
  85  11:43  Zealot x3  
  85  11:44  Zealot x2  
  95  11:49  Nexus  
  95  11:50  Pylon  
  95  11:53  Pylon  
Show
View Real Time Build Order
Export as new Build Order

Massa Terran 

Build Orders: Reaper Expand 

Get SALT Encoding   

  12  0:00  SCV  
  13  0:17  SCV, Supply Depot  
  14  0:29  SCV  
  15  0:41  SCV  
  15  0:42  Barracks  
  16  0:52  Refinery  
  16  0:53  SCV  
  17  1:05  SCV  
  18  1:15  Engineering Bay  
  18  1:17  SCV  
  19  1:34  Reaper  
  19  1:38  Orbital Command  
  20  1:57  Command Center  
  20  2:13  SCV  
  21  2:18  Refinery  
  21  2:27  Supply Depot  
  21  2:29  Engineering Bay  
  21  2:32  SCV, Factory, Supply Depot  
  22  3:10  Barracks Tech Lab  
  22  3:15  Orbital Command  
  22  3:16  SCV  
  22  3:18  Factory Tech Lab  
  23  3:21  Barracks  
  23  3:27  Starport  
  23  3:28  SCV  
  24  3:40  SCV, Siege Tank  
  28  3:42  Marauder  
  28  3:44  SCV  
  31  3:52  SCV  
  32  3:56  SCV  
  33  4:03  Marauder  
  33  4:09  Missile Turret  
  35  4:12  Widow Mine, Missile Turret  
  37  4:24  Liberator  
  37  4:27  Marine  
  41  4:33  Command Center  
  41  4:35  Barracks  
  41  4:41  Barracks  
  41  4:44  Marine  
  41  4:45  Stimpack  
  42  4:46  SCV x2  
  44  4:57  Widow Mine  
  46  5:10  Marauder, Marine  
  49  5:17  Terran Infantry Weapons Level 1  
  49  5:31  Marauder  
  51  5:36  Armory  
  51  6:09  Siege Tank  
  51  6:17  Marauder, Marine x3  
  56  6:20  SCV x2  
  58  6:30  Refinery  
  58  6:32  Refinery, SCV x2  
  60  6:34  Marine x2  
  60  6:35  Marine, Planetary Fortress  
  60  6:38  Marauder  
  65  6:44  SCV x2  
  67  6:52  Marine x2  
  69  6:55  Marine  
  69  7:07  Supply Depot  
  69  7:08  Supply Depot  
  69  7:09  Supply Depot  
  69  7:10  Supply Depot x2  
  69  7:11  Ghost Academy  
  69  7:13  Terran Infantry Armor Level 1  
  69  7:17  Barracks Tech Lab  
  69  7:18  Barracks Reactor  
  69  7:21  Barracks Tech Lab  
  69  7:29  SCV x2, Marauder  
  73  7:32  Supply Depot  
  67  7:41  SCV x2  
  67  7:43  Marauder x2  
  67  7:45  Medivac  
  67  7:50  Marauder  
  66  7:53  SCV  
  58  8:04  Marauder, Marine x2  
  58  8:05  Marauder  
  62  8:12  Marauder  
  58  8:22  Marine x2  
  58  8:25  Marine x2  
  58  8:26  SCV x3  
  65  8:33  Marauder  
  67  8:38  SCV x3  
  67  8:40  Marine x2  
  72  8:43  Medivac  
  72  8:44  Marauder x2  
  78  8:50  SCV x2  
  78  8:54  Marauder  
  82  9:00  Marine  
  82  9:01  Marine  
  82  9:02  Combat Shield  
  84  9:04  Concussive Shells  
  84  9:05  Marauder x2  
  84  9:09  Siege Tank  
  91  9:11  SCV x3  
  91  9:14  Refinery  
  91  9:16  Marauder, Medivac  
  98  9:18  Marine  
  98  9:22  Missile Turret  
  98  9:23  SCV  
  100  9:26  Missile Turret  
  100  9:29  Sensor Tower  
  99  10:04  SCV x3  
  102  10:12  Command Center  
  98  10:16  SCV x2  
  98  10:19  Marauder x2, Marine  
  98  10:20  Marauder, Siege Tank  
  81  10:40  Marauder  
  76  10:51  Marauder, Marine x3  
  76  11:01  Marine, Missile Turret  
  74  11:07  Cyclone  
  74  11:08  Marine  
  74  11:09  Marine, Viking  
  74  11:10  Marauder  
  79  11:12  Marauder  
  77  11:21  Marine  
  65  11:40  SCV x3  
  63  11:52  SCV x3  
Tags
 
Matchup
PvT
Replay Pack
Multiplayer
Spawn Locations
Cross Positions
Add a new tag
Caveats
  • Supply blocks, unpowered buildings, or Contaminate may cause inaccurate times.
  • Supply counts are checked every 10 seconds.